Map: Romanticide LE

Players

Kelazhur - Winner!

  • Race: Terran Terran

Ryu

  • Race: Zerg Zerg

Event: DreamHack SC2 Masters 2021 Winter

VOD

Have the link to the VOD?

Description

Time

  • Played on: Oct. 1, 2021, 4:50 p.m.
  • Length: 10:56

All games in this series

Show
View Real Time Build Order
Export as new Build Order

Kelazhur Terran - Winner!

Build Orders: Reaper Expand 

Get SALT Encoding   

  12  0:00  SCV  
  13  0:12  SCV  
  14  0:17  Supply Depot  
  14  0:24  SCV  
  15  0:38  SCV  
  15  0:39  Barracks  
  16  0:43  Refinery  
  16  0:50  SCV  
  17  1:02  SCV  
  18  1:14  SCV  
  19  1:26  Reaper, Orbital Command  
  20  1:39  Command Center  
  20  1:49  Barracks  
  20  1:53  SCV  
  21  1:58  Barracks Reactor  
  21  2:05  SCV  
  22  2:09  Supply Depot  
  22  2:15  Refinery  
  22  2:18  SCV  
  23  2:27  Factory  
  23  2:31  SCV  
  24  2:40  Marine x2  
  24  2:41  Barracks Tech Lab  
  24  2:43  SCV  
  27  2:51  Orbital Command  
  27  2:55  SCV  
  27  2:58  Marine x2  
  29  3:00  Marine  
  29  3:05  Stimpack  
  31  3:08  SCV  
  32  3:20  Marine x3  
  32  3:21  SCV  
  32  3:25  Starport  
  36  3:27  SCV  
  36  3:28  Factory Reactor  
  36  3:34  SCV  
  37  3:38  Marine x2  
  37  3:39  SCV  
  40  3:43  Supply Depot  
  40  3:45  Marine  
  40  3:46  SCV  
  42  3:52  Supply Depot, SCV  
  43  3:56  Marine x2  
  43  3:58  SCV  
  46  4:05  SCV  
  46  4:08  Marine  
  48  4:10  Supply Depot, SCV  
  48  4:15  Medivac x2  
  48  4:17  SCV  
  54  4:19  Marine x2  
  54  4:22  SCV  
  57  4:26  Marine  
  57  4:29  SCV  
  59  4:35  Command Center  
  59  4:36  SCV  
  60  4:41  Marine x2  
  60  4:44  SCV, Marine  
  64  4:47  Supply Depot  
  64  4:49  Widow Mine, SCV  
  67  4:54  Medivac  
  67  4:57  SCV  
  70  5:01  Combat Shield  
  70  5:08  Marine x3  
  70  5:09  SCV  
  70  5:10  Engineering Bay  
  70  5:12  Refinery, Engineering Bay  
  70  5:13  SCV, Refinery  
  75  5:15  Factory Tech Lab  
  75  5:21  SCV  
  76  5:25  SCV  
  77  5:33  SCV  
  78  5:40  Supply Depot, Terran Infantry Weapons Level 1  
  78  5:46  SCV x2, Siege Tank, Marine x3  
  78  5:47  Starport Reactor  
  78  5:48  Barracks  
  78  5:49  Orbital Command  
  86  5:58  SCV x2  
  86  6:02  Supply Depot, Terran Infantry Armor Level 1  
  88  6:04  Marine x3  
  88  6:11  SCV x2  
  93  6:22  Marine x2  
  93  6:25  Orbital Command  
  90  6:26  Marine  
  90  6:29  SCV x2, Medivac x2  
  90  6:32  Siege Tank  
  100  6:33  Barracks  
  100  6:34  Barracks  
  100  6:36  Marine x2  
  102  6:41  SCV x2  
  102  6:42  Supply Depot  
  102  6:43  Marine  
  105  6:47  Armory  
  105  6:51  SCV  
  105  6:52  Marine x2  
  108  6:55  SCV  
  109  7:04  SCV, Marine x2  
  109  7:05  SCV  
  109  7:07  SCV  
  109  7:08  Supply Depot  
  114  7:10  Siege Tank  
  117  7:22  Supply Depot  
  117  7:23  Supply Depot  
  117  7:24  Supply Depot  
  117  7:28  Marine  
  117  7:29  Medivac x2, SCV x2, Marine x2  
  125  7:32  Barracks Reactor x2  
  125  7:42  Marine  
  125  7:44  SCV, Marine  
  125  7:47  Marine  
  125  7:49  SCV x2, Marine x2  
  125  7:50  Siege Tank  
  129  7:56  SCV  
  129  7:57  Terran Infantry Armor Level 2  
  126  8:00  Refinery x2, Marine  
  126  8:02  Marine  
  126  8:04  Barracks  
  126  8:05  Marine, Barracks  
  129  8:06  Barracks  
  129  8:07  Marine x2  
  129  8:09  Command Center  
  131  8:19  Marine x5  
  133  8:20  Terran Infantry Weapons Level 2, Marine  
  133  8:26  Marauder  
  139  8:30  Medivac x2  
  139  8:31  Siege Tank, Marine  
  139  8:32  Marine  
  148  8:35  SCV  
  148  8:39  Missile Turret  
  149  8:41  Supply Depot  
  149  8:45  SCV, Marine  
  151  9:01  Marine x6  
  156  9:03  Barracks Tech Lab x3  
  156  9:04  Marine x3  
  156  9:05  Siege Tank  
  162  9:14  Medivac  
  164  9:19  Marine  
  164  9:20  Medivac, Marine  
  164  9:21  Factory, Supply Depot  
  164  9:22  Supply Depot  
  164  9:23  Marine  
  169  9:28  Marauder x2  
  173  9:34  Marauder, Marine x5  
  180  9:39  Supply Depot  
  180  9:43  Siege Tank, Marine  
  182  9:49  Marauder  
  182  9:50  Marauder, Marine x3  
  182  9:52  Marine x2  
  182  9:56  Marauder  
  182  9:57  Planetary Fortress  
  182  9:59  Marine x3  
  182  10:08  Marauder, Marine x3  
  182  10:09  Marine  
  182  10:10  Marine x2  
  182  10:11  Marine  
  191  10:17  Marine x2  
  183  10:28  Marine  
  166  10:29  Marauder x2, Marine  
  166  10:30  Marine x2  
  166  10:32  Marine x4  
  166  10:34  Marine  
  166  10:35  Marine  
Show
View Real Time Build Order
Export as new Build Order

Ryu Zerg 

Build Orders: Hatch First 

Get SALT Encoding   

  12  0:01  Drone  
  13  0:12  Overlord  
  13  0:16  Drone  
  14  0:30  Drone  
  14  0:31  Drone  
  16  0:48  Hatchery  
  15  0:51  Drone  
  15  0:55  Drone  
  17  0:58  Drone  
  17  1:01  Extractor  
  17  1:14  Spawning Pool  
  17  1:17  Drone  
  17  1:20  Drone  
  18  1:28  Drone  
  19  1:39  Drone  
  20  1:50  Overlord  
  20  2:00  Queen x2  
  24  2:02  Zergling x4  
  24  2:07  Metabolic Boost  
  26  2:10  Drone  
  26  2:13  Drone  
  28  2:21  Drone  
  28  2:30  Drone  
  29  2:42  Hatchery  
  28  2:49  Drone x2  
  28  2:50  Queen  
  32  2:56  Overlord  
  32  2:59  Zergling x2  
  32  3:00  Drone  
  35  3:05  Drone x2  
  36  3:16  Zergling x2  
  36  3:19  Drone x3  
  39  3:20  Queen  
  39  3:26  Overlord  
  41  3:32  Drone x2  
  43  3:36  Roach Warren  
  43  3:40  Overlord  
  42  3:46  Drone x2  
  42  3:47  Queen  
  46  3:53  Drone  
  46  3:54  Overlord  
  47  3:56  Overlord  
  47  3:59  Drone  
  47  4:01  Drone  
  47  4:02  Drone  
  50  4:06  Drone x2  
  51  4:10  Drone  
  51  4:12  Queen  
  54  4:21  Drone  
  54  4:22  Extractor  
  54  4:23  Roach x3  
  60  4:30  Drone  
  61  4:32  Roach x2  
  61  4:33  Evolution Chamber  
  61  4:37  Spine Crawler  
  61  4:38  Overlord  
  63  4:42  Roach  
  63  4:43  Roach x2  
  69  4:48  Drone x3  
  72  4:57  Drone  
  72  4:59  Spore Crawler  
  72  5:00  Drone x4  
  72  5:02  Roach  
  72  5:03  Roach  
  80  5:09  Lair  
  80  5:12  Overlord  
  80  5:14  Drone  
  81  5:28  Extractor  
  79  5:35  Drone x2, Zerg Ground Armor Level 1  
  81  5:38  Extractor, Overlord x2  
  80  5:43  Overlord  
  80  5:44  Drone  
  80  5:48  Overlord  
  80  5:49  Overlord  
  81  5:57  Drone x3  
  81  5:58  Roach x6  
  81  6:01  Zergling x10  
  101  6:07  Drone  
  101  6:09  Roach x2  
  106  6:14  Roach x2  
  110  6:24  Roach x2  
  108  6:27  Drone x4  
  108  6:28  Overlord x2  
  108  6:30  Hatchery  
  111  6:34  Glial Reconstitution  
  111  6:36  Drone x2  
  111  6:39  Drone x3, Evolution Chamber  
  115  6:45  Zergling x4  
  114  7:01  Drone  
  114  7:02  Ravager, Baneling Nest  
  114  7:03  Ravager  
  114  7:06  Extractor x2  
  114  7:07  Drone x3  
  114  7:08  Drone x3  
  120  7:09  Drone x2  
  120  7:15  Ravager  
  123  7:16  Roach x7  
  123  7:21  Overlord x3  
  137  7:25  Zerg Melee Weapons Level 1  
  137  7:38  Overlord  
  137  7:39  Overlord x2  
  137  7:41  Roach  
  137  7:42  Roach x2  
  139  7:48  Drone x2  
  139  7:49  Zerg Ground Armor Level 2  
  127  7:52  Roach x2  
  127  7:53  Roach x3  
  127  7:58  Zergling x10  
  142  8:02  Centrifugal Hooks  
  142  8:06  Ravager  
  142  8:10  Zergling x8  
  147  8:14  Drone  
  147  8:15  Drone  
  147  8:18  Baneling x3  
  147  8:19  Baneling x2  
  149  8:20  Drone x7  
  149  8:22  Hatchery  
  149  8:25  Zergling x8  
  160  8:33  Ravager x2  
  161  8:37  Spore Crawler  
  161  8:38  Drone x3, Extractor  
  161  8:40  Ravager, Zergling x10  
  161  8:41  Zergling x6  
  171  8:46  Overlord  
  169  9:00  Zergling x8  
  172  9:05  Drone x3, Infestation Pit, Hatchery  
  172  9:07  Drone, Burrow  
  172  9:08  Drone x3, Extractor  
  176  9:11  Zergling x10  
  181  9:19  Baneling x2  
  181  9:26  Zergling x14  
  188  9:36  Zergling x8  
  188  9:38  Overlord x2  
  186  9:46  Baneling x4  
  186  9:50  Zergling x12  
  190  9:57  Zergling x2  
  190  9:58  Zergling x10  
  190  10:03  Baneling x12  
  186  10:07  Zergling x2  
  186  10:08  Zergling x16  
  191  10:19  Zergling x10  
  148  10:30  Zergling x24  
  148  10:35  Roach x2  

Tags
 
Add a new tag
Caveats
  • Supply blocks, unpowered buildings, or Contaminate may cause inaccurate times.
  • Supply counts are checked every 10 seconds.